 Dungeon Crawl Stone Soup version 0.27-a0-1434-g6f15984924 (webtiles) character file.

Game seed: 15012112057356739047

256768 nyamberluvr69 the Peltast (level 19, -2/137 HPs)
             Began as a Troll Fighter on July 3, 2021.
             Was the Champion of Ru.
             Killed from afar by a raiju (16 damage)
             ... with a living lightning
             ... on level 3 of the Abyss.
             The game lasted 02:09:12 (39516 turns).

nyamberluvr69 the Peltast (Troll Fighter)          Turns: 39516, Time: 02:09:12

Health: -2/137     AC: 15    Str: 34 (35) XL:     19   Next: 8%
Magic:  16/16      EV: 11    Int:  4      God:    Ru [******]
Gold:   687        SH: 35    Dex:  9      Spells: 18/18 levels left

rFire    + . .     SeeInvis .     - Unarmed
rCold    + + +     Faith    .   y - +8 tower shield
rNeg     . . .     Spirit   .   B - +3 ice dragon scales
rPois    .         Reflect  +   N - +0 hat {Stlth+}
rElec    .         Harm     .   x - scarf {rC+ rF+}
rCorr    .         Rampage  .   (gloves unavailable)
Will     +....     Rnd*Rage +   (boots unavailable)
Stlth    ..........             O - amulet of the Red Skies {Reflect +Inv Fly rF+ Str+4 SH+5}
HPRegen  0.00/turn              q - +4 ring of slaying
MPRegen  0.15/turn              W - +4 ring of slaying

@: unable to drink, flying, diseased, slowed, lost intelligence, very slow
A: no potions, large, unfitting armour, claws 3, low mp 1, regeneration 1,
shaggy fur 1, tough skin 1, no potion heal 1, inability to drink while
threatened, no stealth, inability to use devices, hated by all, no air magic, no
summoning magic, no transmutations magic, disrupted magic 1, [berserk 2],
[deformed body], [deterioration 2], [frail 3], [weak 2], [subdued magic 2]
}: 2/15 runes: serpentine, barnacled
a: Renounce Religion, Draw Out Power, Power Leap, Apocalypse


You were on level 3 of the Abyss.
You worshipped Ru.
Ru was exalted by your worship.
You visited 5 branches of the dungeon, and saw 29 of its levels.
You visited the Abyss 1 time.
You also visited: Ossuary, Bailey and Ice Cave.

You collected 4209 gold pieces.
You spent 3522 gold pieces at shops.

Inventory:

Missiles
 D - 3 throwing nets (quivered)
 T - 19 boomerangs of dispersal
 V - 10 curare-tipped darts
Armour
 x - a scarf of resistance (worn)
 y - a +8 tower shield (worn)
 B - +3 ice dragon scales (worn)
 N - a +0 hat of stealth (worn)
 X - a +5 tower shield of positive energy
Jewellery
 a - a ring of poison resistance
 b - a ring of protection from fire
 g - a +4 ring of protection
 k - a ring of see invisible
 q - a +4 ring of slaying (left claw)
 r - a ring of willpower
 H - a ring of willpower
 I - a +6 ring of strength
 K - a +4 ring of evasion
 M - a ring of ice
 O - the amulet of the Red Skies (around neck) {Reflect +Inv Fly rF+ Str+4 SH+5}
   (You bought it in a shop on level 1 of the Snake Pit)

   [amulet of reflection]

   It reflects blocked missile attacks.
   Str:       It affects your strength (+4).
   rF:        It protects you from fire.
   +Inv:      It lets you turn invisible.
   Fly:       It grants you flight.
   SH:        It affects your SH (+5).
 S - a +6 ring of dexterity
 W - a +4 ring of slaying (right claw)
 Z - a ring of resist corrosion
Scrolls
 c - 5 scrolls of amnesia
 d - 6 scrolls of teleportation
 f - 4 scrolls of brand weapon
 j - 2 scrolls of holy word
 m - 3 scrolls of enchant weapon
 n - 2 scrolls of fear
 o - 5 scrolls of magic mapping
 s - 3 scrolls of torment
 E - 5 scrolls of immolation
 L - 2 scrolls of fog
 Q - 2 scrolls of vulnerability
 U - 4 scrolls of blinking
 Y - 4 scrolls of identify
Potions
 e - 4 potions of heal wounds
 h - 8 potions of curing
 i - 8 potions of flight
 l - 3 potions of lignification
 p - 2 potions of resistance
 u - 6 potions of might
 v - 2 potions of magic
 w - 11 potions of mutation
 z - 3 potions of attraction
 A - 6 potions of haste
 F - a potion of brilliance
 G - a potion of invisibility
 R - a potion of berserk rage


   Skills:
 - Level 14.0 Fighting
 + Level 14.2 Armour
 - Level 12.0 Dodging
 - Level 15.0 Shields
 - Level 14.0 Unarmed Combat


You had 18 spell levels left.
You didn't know any spells.
Your spell library contained the following spells:

 Spells                   Type           Power      Damage    Failure   Level
 Apportation              Tloc           0%         N/A       69%         1
 Magic Dart               Conj           0%         1d3       69%         1
 Pain                     Necr           0%         1d4       69%         1
 Sandblast                Erth           0%         2d4       69%         1
 Blink                    Tloc           N/A        N/A       83%         2
 Searing Ray              Conj           0%         3d3       83%         2
 Confusing Touch          Hex            0%         N/A       96%         3
 Gell's Gravitas          Tloc           0%         N/A       96%         3
 Lesser Beckoning         Tloc           0%         N/A       96%         3
 Ozocubu's Armour         Ice            0%         N/A       96%         3
 Teleport Other           Tloc           0%         N/A       96%         3
 Vampiric Draining        Necr           0%         2d6       96%         3
 Dispel Undead            Necr           0%         3d6       100%        4
 Fulminant Prism          Conj/Hex       0%         3d6       100%        4
 Olgreb's Toxic Radiance  Pois           0%         N/A       100%        4
 Sticky Flame             Conj/Fire      0%         2d3       100%        4
 Borgnjor's Vile Clutch   Necr/Erth      0%         N/A       100%        5
 Fireball                 Conj/Fire      0%         3d3       100%        5
 Lee's Rapid Deconstruct  Erth           0%         3d5*      100%        5
 Manifold Assault         Tloc           0%         N/A       100%        5
 Dispersal                Tloc           0%         N/A       100%        6
 Invisibility             Hex            0%         N/A       100%        6
 Starburst                Conj/Fire      0%         8x6d3     100%        6
 Orb of Destruction       Conj           0%         N/A       100%        7
 Ozocubu's Refrigeration  Ice            0%         4d5       100%        7
 Ignition                 Fire           0%         3d3       100%        8
 Polar Vortex             Ice            0%         N/A       100%        9
 Animate Skeleton         Necr           Unusable   N/A       N/A         1
 Sting                    Tmut/Pois      Unusable   1d3       N/A         1
 Summon Small Mammal      Summ           Unusable   N/A       N/A         1
 Passwall                 Tmut/Erth      Unusable   N/A       N/A         2
 Poisonous Vapours        Pois/Air       Unusable   N/A       N/A         2
 Static Discharge         Conj/Air       Unusable   N/A       N/A         2
 Call Canine Familiar     Summ           Unusable   N/A       N/A         3
 Summon Guardian Golem    Hex/Summ       Unusable   N/A       N/A         3
 Animate Dead             Necr           Unusable   N/A       N/A         4
 Summon Lightning Spire   Summ/Air       Unusable   N/A       N/A         4
 Alistair's Intoxication  Tmut/Pois      Unusable   N/A       N/A         5
 Death Channel            Necr           Unusable   N/A       N/A         6
 Spellforged Servitor     Conj/Summ      Unusable   N/A       N/A         7

Dungeon Overview and Level Annotations

Branches:
Dungeon (13/15)            Temple (0/1) D:5            Lair (6/6) D:9
 Shoals (4/4) Lair:2        Snake (4/4) Lair:2        Slime (0/5) Lair:6
    Orc (2/2) D:12            Elf (0/3) Orc:2       Ossuary (visited)
 Bailey (visited)           IceCv (visited)
 Vaults: D:13-14

Altars:
Cheibriados
Elyvilon
Fedhas
Gozag
Hepliaklqana
Kikubaaqudgha
Nemelex Xobeh
Okawaru
Qazlal
Ru
Trog
Uskayaw
Wu Jian
Xom
Zin
The Shining One
Beogh

Shops:
D:4 :   D:8 (!:!   D:10 (   Orc:2 ??![   Shoals:3 *   Snake:1 [=*:*
Snake:2 (((

Annotations:
Lair:3 exclusion: oklob plant
Snake:3 2 transporters, Meicwirr's ghost, adept OgTm


Innate Abilities, Weirdness & Mutations

You cannot drink.
You are too large for most types of armour.
You have claws for hands.
Your magical capacity is low. (-10% MP)
Your natural rate of healing is unusually fast.
You are covered in fur. (AC +1)
You have tough skin. (AC +1)
Potions are less effective at restoring your health.
You sometimes lose the ability to drink potions when taking damage.
You cannot be stealthy.
You cannot study or use magical devices.
You are hated by all.
You cannot study or cast Air magic.
You cannot study or cast Summoning magic.
You cannot study or cast Transmutations magic.
Your casting is slightly disrupted.
[You often lose your temper in combat.]
[Armour fits poorly on your strangely shaped body.]
[Your body often deteriorates upon taking damage.]
[You are extremely frail. (-30% HP)]
[You are very weak. (Str -4)]
[Your spells are easier to cast, but less powerful.]


Message History

The living lightning hits the raiju.
The raiju completely resists.
The living lightning hits you!
* * * LOW HITPOINT WARNING * * *
The raiju blinks! x2
The wretched star begins to attack, but is stunned by your conviction!
A chorus of shrieks assaults your mind.
* * * LOW HITPOINT WARNING * * *
A tentacled monstrosity comes into view.
A raiju comes into view.
You block the raiju's attack.
The wretched star pulses with an eldritch light!
You feel weaker. x2
Unknown command.
You barely miss the raiju.
The raiju bursts into living lightning!
The living lightning hits you.
* * * LOW HITPOINT WARNING * * *
The raiju blinks!
The wretched star glows turbulently.
The lance of force reflects off an invisible shield around you!
The lance of force misses the wretched star.
You cannot drink potions in your current state!
You almost manage to decipher the scroll, but fail in this attempt.
You block the raiju's attack.
The wretched star begins to attack, but is stunned by your conviction!
You block the raiju's attack.
You redirect the raiju's attack!
The raiju bursts into living lightning!
The living lightning hits the wretched star.
The wretched star resists.
The raiju blinks!
Unknown command.
You eviscerate the raiju!!!
You kill the raiju!
You hear a bark!
You hear a roar!
The raiju begins to attack, but is stunned by your conviction!
The wretched star pulses with an eldritch light!
You feel a little pissed off.
You feel angry.
The raiju bursts into living lightning!
The living lightning hits you!
You die... .... . =. ... .. . . ... .hhX.

.. ## . # .
.. .# .... ≈
≈≈♣≈X###!#
..# ≈
X≈X≈h.h*.#..
≈ ≈ #h## #.#
# ≈ .
#@#...# #. ≈
≈ #†)##. #
≈≈≈ ≈ ≈
#...### ≈ ≈
. ##.#.... ♣
≈# #. #
####... ≈ ≈≈
# #.†. .
.... ≈#
.#.##† ....#
≈ ## ## #. #
# ## .h.
#.##


You could see a wretched star and 2 raiju.

Vanquished Creatures
  Mara (Shoals:3)
  Vashnia (Snake:3)
  Saint Roka (Orc:2)
  A tentacled monstrosity (Abyss:3)
  A kraken (Shoals:4)
  Gastronok (D:8)
  Kirke (Lair:5)
  10 nagarajas
  A frost giant (IceCv)
  Aizul (Snake:2)
  Nessos (D:12)
  A green draconian (Abyss:3)
  6 merfolk javelineers
  An ettin (Orc:2)
  5 merfolk impalers
  31 naga warriors
  Erolcha (Orc:2)
  3 boulder beetles
  7 salamander tyrants (Snake:4)
  A fire dragon (Lair:6)
  A rakshasa (Abyss:3)
  3 hydras
  2 merfolk avatars
  5 merfolk aquamancers
  An alligator snapping turtle (Shoals:1)
  7 anacondas
  A satyr (Shoals:4)
  4 hell hogs (Abyss:3)
  4 two-headed ogres
  4 alligators
  2 centaur warriors
  9 death yaks
  A thrashing horror (Abyss:2)
  6 shock serpents
  21 naga sharpshooters
  Nergalle (D:12)
  Sonja (Orc:2)
  7 salamander mystics
  3 wretched stars
  11 sea snakes
  2 goliath frogs (Shoals:1)
  A wizard (D:10)
  10 orc knights
  9 naga ritualists
  25 harpies
  13 mana vipers
  4 ugly things
  A lindwurm (Lair:6)
  3 orc sorcerers (Orc:2)
  A deep elf pyromancer (D:9)
  A cyclops (Shoals:4)
  9 manticores
  A moth of wrath (Lair:5)
  A salamander (shapeshifter) (D:13)
  22 salamanders
  A worldbinder (Abyss:2)
  19 elephants
  11 merfolk sirens
  4 water nymphs
  8 guardian serpents
  2 molten gargoyles (Lair:6)
  32 black mambas
  An ice statue (IceCv)
  21 naga magi
  2 eyes of devastation
  Maggie (D:7)
  A gargoyle (D:11)
  A smoke demon (Abyss:3)
  7 cane toads
  2 unseen horrors (D:10)
  Psyche (D:8)
  A kobold demonologist (D:11)
  4 hellwings (Abyss:3)
  A rime drake (Lair:1)
  14 komodo dragons
  2 demonic crawlers
  3 ancient zymes
  21 merfolk
  6 trolls
  17 polar bears
  A hornet (D:7)
  6 wind drakes
  6 raiju (Abyss:3)
  Grinder (D:4)
  5 slime creatures
  9 snapping turtles
  6 large abominations
  14 dream sheep
  12 blink frogs
  An ice dragon skeleton (Abyss:2)
  A wraith (D:11)
  A shadow (D:12)
  A vampire (D:11)
  A ynoxinul (Abyss:2)
  6 basilisks
  70 yaks
  9 water elementals
  8 wyverns
  A hog (Lair:4)
  3 small abominations
  5 steam dragons
  4 wargs (Orc:2)
  2 swamp worms (Lair:5)
  67 nagas
  4 hell hounds (Lair:6)
  8 water moccasins
  A floating eye (Lair:6)
  53 orc warriors
  2 black bears
  A necrophage (D:6)
  10 ogres
  A sky beast (D:6)
  9 centaurs
  13 wolves
  A snapping turtle skeleton (Abyss:2)
  2 kobold brigands (D:7)
  17 bullfrogs
  A gnoll sergeant (D:10)
  A scorpion (D:5)
  A wyvern skeleton (D:7)
  4 water moccasin zombies (Ossuary)
  13 wights
  4 howler monkeys
  An electric eel (Lair:4)
  4 lava snakes (Lair:6)
  2 centaur zombies
  A crimson imp (D:10)
  A quasit (Abyss:3)
  2 bullfrog zombies
  A hound (D:6)
  A jelly (D:8)
  21 orc priests
  An iguana (D:5)
  18 orc wizards
  Terence (D:2)
  2 mummies (Ossuary)
  Robin (D:2)
  A howler monkey zombie (D:7)
  14 gnolls
  7 adders
  14 white imps
  An ufetubus (D:4)
  5 adder zombies (Ossuary)
  A worm (D:2)
  2 dart slugs
  90 orcs
  7 bats
  3 endoplasms
  4 giant cockroaches
  24 goblins
  12 hobgoblins
  3 jackals (D:2)
  35 kobolds
  5 quokkas
  11 ball pythons
  4 frilled lizards
  4 gnoll zombies (Ossuary)
  A goblin zombie (D:4)
  4 hobgoblin zombies (Ossuary)
  A kobold zombie (Ossuary)
  5 orc zombies (Ossuary)
  A quokka zombie (D:4)
  7 rats
  A tentacle (Shoals:4)
1166 creatures vanquished.

Vanquished Creatures (collateral kills)
  A hydra (Lair:4)
1 creature vanquished.

Vanquished Creatures (others)
  A merfolk javelineer (Shoals:4)
  A hydra (Lair:5)
  A harpy (Shoals:3)
  A salamander (Snake:1)
  A komodo dragon (Lair:6)
  An ancient zyme (Abyss:3)
  A troll (D:12)
  A merfolk (Shoals:4)
  A polar bear (IceCv)
  A slime creature (D:12)
  2 yaks
  A human (Lair:5)
  2 swamp worms (Lair:5)
  A naga (Snake:4)
  An orc warrior (Orc:2)
  A gnoll (D:10)
  3 orcs
  A bush (Lair:3)
  66 fungi
  169 plants
  3 tentacles (Shoals:4)
260 creatures vanquished.

Grand Total: 1427 creatures vanquished

Notes
Turn   | Place    | Note
-------+----------+-------------------------------------------
     0 | D:1      | nyamberluvr69 the Troll Fighter began the quest for the
                  | Orb.
     0 | D:1      | Reached XP level 1. HP: 22/22 MP: 0/0
    26 | D:1      | You fall into a shaft and drop 1 floor!
   104 | D:1      | Reached XP level 2. HP: 29/29 MP: 1/1
   488 | D:1      | Reached XP level 3. HP: 37/37 MP: 2/2
   595 | D:1      | Got the Collected Works on Enthralling Darkness
   615 | D:1      | Found a faded altar of an unknown god.
   900 | D:2      | Noticed Robin
   961 | D:2      | Killed Robin
   962 | D:2      | Reached XP level 4. HP: 42/48 MP: 3/3
  1087 | D:2      | Noticed Terence
  1095 | D:2      | Killed Terence
  1304 | D:3      | Found an ornate altar of the Wu Jian Council.
  1396 | D:3      | Found a sparkling altar of Nemelex Xobeh.
  1421 | D:3      | Reached XP level 5. HP: 27/54 MP: 4/4
  1762 | D:3      | Found a snail-covered altar of Cheibriados.
  2004 | D:3      | Found a sacrificial altar of Ru.
  2013 | D:3      | Became a worshipper of Ru the Awakened
  2075 | D:4      | Noticed a black bear
  2082 | D:4      | Killed a black bear
  2083 | D:4      | Reached XP level 6. HP: 65/65 MP: 5/5
  2111 | D:4      | Found Tiatap's Book Emporium.
  2138 | D:4      | Reached skill level 5 in Fighting
  2145 | D:4      | Noticed Grinder
  2159 | D:4      | Killed Grinder
  2160 | D:4      | Reached skill level 5 in Unarmed Combat
  2160 | D:4      | Reached XP level 7. HP: 70/72 MP: 6/6
  2220 | D:4      | Found a sand-covered staircase.
  2237 | Ossuary  | Entered an ossuary
  3142 | D:5      | Entered Level 5 of the Dungeon
  3167 | D:5      | Found a bloodstained altar of Trog.
  3185 | D:5      | Found a stormy altar of Qazlal.
  3315 | D:5      | Found a staircase to the Ecumenical Temple.
  3353 | D:5      | Gained mutation: You cannot study or cast Air magic. [Ru
                  | sacrifice]
  3353 | D:5      | Gained mutation: You cannot study or cast Transmutations
                  | magic. [Ru sacrifice]
  3353 | D:5      | Gained mutation: You cannot study or cast Summoning magic.
                  | [Ru sacrifice]
  3353 | D:5      | Reached * piety under Ru
  3430 | D:5      | Found an ancient bone altar of Kikubaaqudgha.
  3995 | D:5      | Identified the +6 dagger of the Genius {holy, rPois}
  4188 | D:6      | Reached XP level 8. HP: 68/84 MP: 7/7
  5392 | D:7      | Noticed Maggie
  5412 | D:7      | Killed Maggie
  5413 | D:7      | Reached XP level 9. HP: 82/96 MP: 8/8
  5541 | D:7      | Gained mutation: You cannot be stealthy. [Ru sacrifice]
  5541 | D:7      | Reached ** piety under Ru
  5617 | D:7      | Paralysed by a hornet for 1 turns
  5620 | D:7      | Paralysed by a hornet for 1 turns
  6012 | D:8      | Found a hide-covered altar of Uskayaw.
  6051 | D:8      | Found Vefargho's Distillery.
  6053 | D:8      | Found Buurace's Distillery.
  6054 | D:8      | Found Gafameh's Antique Weapon Shoppe.
  6054 | D:8      | Found Ijuyngey's Book Boutique.
  6058 | D:8      | Bought a potion of curing for 42 gold pieces
  6058 | D:8      | Bought a potion of heal wounds for 70 gold pieces
  6134 | D:8      | Found a blossoming altar of Fedhas.
  6237 | D:8      | Found a glowing golden altar of the Shining One.
  6237 | D:8      | Found a glowing silver altar of Zin.
  6237 | D:8      | Found a white marble altar of Elyvilon.
  6272 | D:8      | Noticed Psyche
  6291 | D:8      | Killed Psyche
  6343 | D:8      | Noticed a two-headed ogre
  6503 | D:8      | Reached skill level 10 in Unarmed Combat
  6535 | D:8      | Noticed a tengu warrior
  6628 | D:8      | Noticed Gastronok
  6643 | D:8      | Killed Gastronok
  6644 | D:8      | Reached XP level 10. HP: 105/110 MP: 9/9
  6933 | D:9      | Found an opulent altar of Gozag.
  7072 | D:9      | Reached skill level 3 in Shields
  7120 | D:9      | Found a staircase to the Lair.
  7142 | D:9      | Reached skill level 4 in Shields
  7245 | D:9      | Got the Handbook of the Creative Glacier
  7356 | D:9      | Found an iron altar of Okawaru.
  7517 | D:9      | Reached skill level 5 in Shields
  7617 | D:9      | Found a hazy altar of Hepliaklqana.
  7618 | D:9      | Found a shimmering altar of Xom.
  7899 | D:9      | Noticed a deep elf pyromancer
  7907 | D:9      | Killed a deep elf pyromancer
  8077 | Lair:1   | Entered Level 1 of the Lair of Beasts
  8097 | Lair:1   | Noticed a seven-headed hydra
  8171 | D:9      | Killed a 15-headed hydra
  8172 | D:9      | Reached skill level 6 in Shields
  8172 | D:9      | Reached XP level 11. HP: 117/117 MP: 10/10
  8228 | Lair:1   | Reached skill level 7 in Shields
  8277 | Lair:1   | Noticed a death yak
  8279 | Lair:1   | Noticed a death yak
  8281 | Lair:1   | Noticed a death yak
  8343 | D:9      | Killed a death yak
  8373 | D:9      | Killed a death yak
  8374 | D:9      | Reached skill level 8 in Shields
  8385 | Lair:1   | Killed a death yak
  8430 | Lair:1   | Reached skill level 9 in Shields
  8433 | Lair:1   | Reached skill level 1 in Armour
  9248 | Lair:2   | Reached skill level 10 in Shields
  9297 | Lair:2   | Found a staircase to the Snake Pit.
  9304 | Lair:2   | Reached XP level 12. HP: 112/126 MP: 11/11
  9436 | Lair:2   | Found a staircase to the Shoals.
  9953 | Lair:3   | Reached skill level 11 in Shields
 10237 | Lair:2   | Reached skill level 12 in Shields
 11001 | Lair:4   | Reached skill level 13 in Shields
 11062 | Lair:4   | Reached XP level 13. HP: 117/133 MP: 12/12
 11671 | Lair:4   | Identified a scroll of acquirement
 11672 | Lair:4   | Acquired a scarf of resistance
 11989 | Lair:5   | Found a frozen archway.
 12004 | IceCv    | Entered an ice cave
 12185 | IceCv    | Reached skill level 14 in Shields
 12501 | IceCv    | Gained mutation: You cannot study or use magical devices.
                  | [Ru sacrifice]
 12501 | IceCv    | Reached *** piety under Ru
 12501 | IceCv    | Reached **** piety under Ru
 12738 | IceCv    | Noticed a frost giant
 12784 | IceCv    | Killed a frost giant
 13688 | Lair:5   | Noticed Kirke
 13703 | Lair:5   | Noticed a sphinx
 13707 | Lair:5   | Killed Kirke
 13708 | Lair:5   | Reached skill level 15 in Shields
 13708 | Lair:5   | Reached skill level 10 in Fighting
 13998 | Lair:5   | Identified the +8 rapier of Trog's Vengeance {vorpal, rPois
                  | rF+++ Dex-2}
 14023 | Lair:6   | Entered Level 6 of the Lair of Beasts
 14384 | Lair:6   | Found a staircase to the Slime Pits.
 14396 | Lair:6   | Reached XP level 14. HP: 144/144 MP: 13/13
 14524 | Lair:6   | Paralysed by a floating eye for 2 turns
 14531 | Lair:6   | Paralysed by a floating eye for 3 turns
 14892 | Lair:6   | Found a large runed translucent door.
 14908 | Lair:6   | Gained mutation: Your magical capacity is low. (-10% MP)
                  | [Ru sacrifice]
 14933 | Lair:6   | Found a large runed translucent door.
 15779 | D:10     | Entered Level 10 of the Dungeon
 15814 | D:10     | Found Qismum's Weapon Boutique.
 15915 | D:10     | Found a flagged portal.
 15928 | Bailey   | Entered a bailey
 17440 | D:11     | Gained mutation: You sometimes lose the ability to drink
                  | potions when taking damage. [Ru sacrifice]
 17440 | D:11     | Reached ***** piety under Ru
 17963 | D:12     | You fall into a shaft and drop 1 floor!
 18117 | D:13     | Found a glowing silver altar of Zin.
 18117 | D:13     | Noticed an angel
 18148 | D:12     | Noticed Nessos
 18148 | D:12     | Noticed Nergalle
 18223 | D:12     | Found a staircase to the Orcish Mines.
 18234 | D:12     | Killed Nergalle
 18235 | D:12     | Reached XP level 15. HP: 155/156 MP: 12/12
 18366 | D:12     | Killed Nessos
 18463 | Orc:1    | Entered Level 1 of the Orcish Mines
 18721 | Orc:1    | Found a runed translucent door.
 19171 | Orc:1    | Gained mutation: You are hated by all. [Ru sacrifice]
 19230 | Orc:1    | Identified the +10 hunting sling of the Warrior {flame, rC+
                  | Str+3}
 19286 | Orc:2    | Entered Level 2 of the Orcish Mines
 19572 | Orc:2    | Found a staircase to the Elven Halls.
 19618 | Orc:2    | Found Utamedao's Magic Scroll Boutique.
 19618 | Orc:2    | Found Pastunah's Magic Scroll Emporium.
 19842 | Orc:2    | Noticed Sonja
 19843 | Orc:2    | Noticed Erolcha
 19853 | Orc:2    | Killed Erolcha
 19900 | Orc:2    | Killed Sonja
 20019 | Orc:2    | Noticed Saint Roka
 20149 | Orc:2    | Killed Saint Roka
 20259 | Orc:2    | Found Dunaxuo's Distillery.
 20259 | Orc:2    | Found Naphejev's Antique Armour Emporium.
 20265 | Orc:2    | Bought a potion of haste for 140 gold pieces
 20779 | Orc:2    | Bought a scroll of identify for 26 gold pieces
 20779 | Orc:2    | Bought a scroll of identify for 26 gold pieces
 20788 | Orc:2    | Bought a scroll of identify for 30 gold pieces
 20788 | Orc:2    | Bought a scroll of identify for 30 gold pieces
 20788 | Orc:2    | Bought a scroll of identify for 30 gold pieces
 20788 | Orc:2    | Bought a scroll of identify for 30 gold pieces
 20788 | Orc:2    | Bought a scroll of enchant armour for 112 gold pieces
 20788 | Orc:2    | Bought a scroll of enchant armour for 112 gold pieces
 20788 | Orc:2    | Bought a scroll of enchant armour for 112 gold pieces
 21033 | Snake:1  | Entered Level 1 of the Snake Pit
 21043 | Snake:1  | Identified the +7 dagger of Kereeqidda {elec, *Corrode
                  | +Rage rC+++ Int-4}
 21092 | Snake:1  | Found Xugat's Jewellery Emporium.
 21094 | Snake:1  | Found Vausown's Assorted Antiques.
 21096 | Snake:1  | Bought the amulet of the Red Skies {Reflect +Inv Fly rF+
                  | Str+4 SH+5} for 922 gold pieces
 21096 | Snake:1  | Bought a +4 ring of slaying for 1170 gold pieces
 21678 | Snake:1  | Gained mutation: Your casting is slightly disrupted. [Ru
                  | sacrifice]
 21699 | Snake:1  | Found Haiv Uwe's General Store.
 22043 | Snake:1  | Found Liroq's Book Emporium.
 22250 | Snake:1  | Found Nat Byxt's Armour Shop.
 22643 | Snake:2  | Found Zyorghuywo's Weapon Boutique.
 22660 | Snake:2  | Found Ynleihypt's Weapon Shoppe.
 22716 | Snake:2  | Reached skill level 5 in Dodging
 23106 | Snake:2  | Reached XP level 16. HP: 160/172 MP: 13/13
 23131 | Snake:2  | Noticed Aizul
 23143 | Snake:2  | Killed Aizul
 23363 | Snake:2  | Found Vysoin With's Antique Weapon Boutique.
 23813 | Snake:3  | Noticed Vashnia
 24023 | Snake:2  | Gained mutation: Potions are less effective at restoring
                  | your health. [Ru sacrifice]
 24023 | Snake:2  | Reached ****** piety under Ru
 24038 | Snake:3  | Killed Vashnia
 24242 | Snake:3  | Reached skill level 10 in Dodging
 24692 | Snake:3  | Noticed Meicwirr's ghost (adept OgTm)
 24697 | Snake:3  | Found a bloodstained altar of Trog.
 24708 | Snake:3  | Found a transporter.
 24714 | Snake:3  | Found a transporter.
 24799 | Snake:4  | Entered Level 4 of the Snake Pit
 26648 | Snake:4  | Reached XP level 17. HP: 177/180 MP: 14/14
 28210 | Snake:4  | Identified the +5 rapier of Abomination {freeze, rElec rN+
                  | Dex-2}
 28753 | Snake:4  | Reached skill level 5 in Armour
 31523 | Snake:4  | Got a serpentine rune of Zot
 31727 | Shoals:1 | Entered Level 1 of the Shoals
 32226 | Shoals:1 | Reached skill level 10 in Armour
 32289 | Shoals:1 | Reached XP level 18. HP: 162/189 MP: 9/15
 32953 | Shoals:2 | You are sucked into a shaft and drop 1 floor!
 33669 | Shoals:3 | Noticed Mara
 34010 | Shoals:3 | Found Fuabazua's Overcharged Wands.
 34559 | Shoals:3 | Noticed nyamberluvr69's illusion
 34743 | Shoals:3 | Noticed nyamberluvr69's illusion
 34792 | Shoals:3 | Noticed nyamberluvr69's illusion
 34811 | Shoals:3 | Killed Mara
 34935 | Snake:1  | Bought +1 ice dragon scales for 670 gold pieces
 35123 | Shoals:4 | Entered Level 4 of the Shoals
 37656 | Shoals:4 | Identified the ring "Heiruc" {MP+9 Dex+3}
 38148 | Shoals:4 | Got a barnacled rune of Zot
 38841 | D:13     | Cast into level 2 of the Abyss (a wizard)
 39192 | Abyss:3  | Noticed a tentacled monstrosity
 39203 | Abyss:3  | Killed a tentacled monstrosity
 39251 | Abyss:3  | Found a shimmering altar of Xom.
 39308 | Abyss:3  | Reached XP level 19. HP: 109/197 MP: 16/16
 39412 | Abyss:3  | Lost intelligence.
 39516 | Abyss:3  | Killed from afar by a raiju

Illustrated notes

Levels and vault maps discovered:
D:1:      dpeg_arrival_concentric_ovals, layout_basic,
          shapermc_ecumenical_altar_notcrosses
D:2:      layout_rooms, uniq_robin, uniq_terence
D:3:      layout_loops_ring, nicolae_overflow_crystal_walls,
          nemelex_xobeh_ov_fountains_minmay, lemuel_round_altar,
          nicolae_ru_path_of_blood
D:4:      layout_cave_pods, serial_shops, shop, enter_ossuary_4,
          hangedman_decor_clover_reticule, uniq_grinder
D:5:      layout_loops_corners, overflow_temple_1_default,
          nicolae_qazlal_scattered_showers, kiku_gazebo_garden_becter,
          minmay_temple_entry_hall
D:6:      layout_loops_ring
D:7:      layout_loops_corners, uniq_maggie
D:8:      layout_loops_ring, good_gods_mini_temple, fedhas_altar_fruit_tree,
          kennysheep_mini, kennysheep_crisscross, grunt_ministairs_7,
          nicolae_wooded_promenade, onia_ninara_dug_in_and_dangerous,
          uniq_gastronok, uniq_psyche
D:9:      layout_loops_ring, regret_index_temple_of_mockery,
          amcnicky_altar_gilded, kennysheep_okawaru_gauntlet,
          due_lair_maze_entry_diamond, ebering_dispersal_statue_hall,
          minmay_misc_feat_square, guppyfry_early_elven_hall
D:10:     layout_basic, serial_shops, shop_statue, enter_bailey_4,
          lightli_wizard_tower
D:11:     layout_gridville, chequers_mini_garden
D:12:     layout_basic, minmay_orc_entry_temple_small, special_room
          [special_room_orc], uniq_nergalle, uniq_nessos
D:13:     layout_cave_pools, nicolae_trove_entry_free_sample, zin_angel
Lair:1:   layout_chaotic_city
Lair:2:   layout_chaotic_city, elwin_shoals_entry_stream,
          guppyfry_snake_entry_garden, grunt_megastairs_1
Lair:3:   layout_loops_ring, grunt_megastairs_5, serial_bayou_shore_b,
          minmay_lair_oklob_chamber, serial_bayou_shore_b, lemuel_fruit_fields
Lair:4:   layout_roguey, grunt_megastairs_4, serial_bayou_shore_a,
          lemuel_fruit_fields
Lair:5:   layout_regular_city, portal_ice_cave_entry_imps, worms_lemuel,
          uniq_kirke
Lair:6:   cheibrodos_lair_end_hotspot, layout_loops_ring,
          minmay_slime_entry_eyes
Shoals:1: layout_shoals, nicolae_shoals_goliath_grotto
Shoals:2: layout_shoals
Shoals:3: layout_shoals, nicolae_shop_overcharged_wands, uniq_mara
Shoals:4: shoals_end_hangedman, layout_shoals
Snake:1:  layout_layer_cave, serial_shops, shop, nicolae_shop_window_shopping,
          nicolae_shop_statue_plus, minmay_shoptagon
Snake:2:  layout_basic, serial_shops, shop, nicolae_shop_trees, shop, uniq_aizul
Snake:3:  layout_misc_corridors, gammafunk_ghost_wrathful_warriors, uniq_vashnia
Snake:4:  grunt_snake_rune_spirals, layout_onion, lemuel_fruit_tree
Orc:1:    layout_caves, mumra_transporter_accident, lightli_church_of_beogh,
          uniq_josephine
Orc:2:    st_orc_town, layout_caves, uniq_erolcha, uniq_saint_roka, uniq_sonja
Abyss:3:  base: D:5, evilmike_abyss_exit_14,
          hangedman_grunt_abyss_rune_horror_hoard

Skill      XL: |  1  2  3  4  5  6  7  8  9 10 11 12 13 14 15 16 17 18 |
---------------+-------------------------------------------------------+-----
Fighting       | 3 4 5 6 7 9 10 12 14 | 14.0
Unarmed Combat | 3 4 5 6 8 10 11 13 14 | 14.0
Shields        | 6 10 13 15 | 15.0
Armour         | 2 10 14 | 14.2
Dodging        | 6 11 12 | 12.0

Action                   |  1- 3 |  4- 6 |  7- 9 | 10-12 | 13-15 | 16-18 | 19-21 || total
-------------------------+-------+-------+-------+-------+-------+-------+-------++-------
Melee: Unarmed           |   106 |   115 |   382 |   491 |  1384 |  1362 |    68 ||  3908
Throw: Throwing net      |       |       |       |     5 |     5 |       |       ||    10
Invok: Sacrifice Arcana  |       |       |     1 |       |       |       |       ||     1
       Sacrifice Stealth |       |       |     1 |       |       |       |       ||     1
       Reject Sacrifices |       |       |       |     1 |       |       |       ||     1
       Power Leap        |       |       |       |       |     6 |     3 |       ||     9
       Sacrifice Artific |       |       |       |       |     1 |       |       ||     1
       Sacrifice Essence |       |       |       |       |     2 |       |       ||     2
       Apocalypse        |       |       |       |       |     1 |     1 |       ||     2
       Sacrifice Drink   |       |       |       |       |     1 |       |       ||     1
       Sacrifice Love    |       |       |       |       |     1 |       |       ||     1
       Draw Out Power    |       |       |       |       |       |     1 |       ||     1
       Sacrifice Purity  |       |       |       |       |       |     1 |       ||     1
Evoke: Wand              |       |       |       |     4 |     3 |       |       ||     7
  Use: Potion            |       |     2 |       |     4 |     5 |     5 |       ||    16
       Scroll            |       |       |       |       |    41 |    11 |       ||    52
 Stab: Sleeping          |       |       |     1 |       |       |       |       ||     1
       Held in net/web   |       |       |       |     2 |     1 |       |       ||     3
       Invisible         |       |       |       |       |     7 |    11 |       ||    18
       Distracted        |       |       |       |       |     3 |     5 |       ||     8
       Paralysed         |       |       |       |       |     6 |    21 |     2 ||    29
Armor: Robe              |    32 |    51 |    78 |       |       |       |       ||   161
       Acid dragon scale |       |       |    54 |    21 |       |       |       ||    75
       Troll leather arm |       |       |       |   150 |   151 |    37 |       ||   338
       Ice dragon scales |       |       |       |       |       |    52 |     7 ||    59
Dodge: Dodged            |    23 |    27 |   101 |   154 |   185 |   175 |     6 ||   671
Block: Kite shield       |    50 |    45 |   181 |   320 |   243 |       |       ||   839
       Tower shield      |       |       |       |       |  1097 |  1623 |    68 ||  2788
       Reflection        |       |       |       |       |    40 |   182 |     5 ||   227

Table legend: (Time is in decaauts)
 A = Elapsed time spent in this place.
 B = Non-inter-level travel time spent in this place.
 C = Inter-level travel time spent in this place.
 D = Time resting spent in this place.
 E = Time spent auto-exploring this place.
 F = Levels seen in this place.
 G = Mean time per level.
                   A        B        C        D        E       F      G
               +--------+--------+--------+--------+--------+-----+--------+
         Total |  38986 |  36950 |   2036 |  10143 |  17324 |  34 | 1146.6 |
       Dungeon |  10865 |  10267 |    598 |    654 |   7348 |  13 |  835.8 |
          Lair |   6614 |   6081 |    533 |    734 |   3543 |   6 | 1102.3 |
        Shoals |   6401 |   6146 |    255 |   2686 |   2297 |   4 | 1600.2 |
     Snake Pit |  10596 |  10133 |    463 |   5457 |   2295 |   4 | 2649.0 |
  Orcish Mines |   2214 |   2028 |    186 |    175 |   1169 |   2 | 1107.0 |
         Abyss |    672 |    672 |      0 |     76 |    267 |   2 |  336.0 |
       Ossuary |    195 |    195 |      0 |      0 |     72 |   1 |  195.0 |
        Bailey |    473 |    473 |      0 |    177 |     30 |   1 |  473.0 |
      Ice Cave |    952 |    952 |      0 |    182 |    303 |   1 |  952.0 |
               +--------+--------+--------+--------+--------+-----+--------+

Top non-repeatable levels by time:
 Snake:4: 6189 daAuts
Shoals:4: 3221 daAuts
 Snake:1: 1646 daAuts
   Orc:2: 1528 daAuts
  Lair:6: 1468 daAuts
 Snake:2: 1415 daAuts
 Snake:3: 1345 daAuts
     D:9: 1343 daAuts
  Lair:5: 1257 daAuts
Shoals:3: 1165 daAuts
Shoals:2: 1133 daAuts
     D:7: 1109 daAuts
  Lair:2: 1051 daAuts
  Lair:1: 980 daAuts
     D:8: 956 daAuts
